 Dungeon Crawl Stone Soup version 0.27.1-3-gb3d3a73c9e (webtiles) character file.

Game seed: 11425445716009758924

217 horus123 the Slasher (level 6, 0/46 HPs)
             Began as a Human Gladiator on Oct 28, 2021.
             Killed from afar by an orc wizard (13 damage)
             ... with a magic dart
             ... on level 4 of the Dungeon.
             The game lasted 00:07:31 (4057 turns).

horus123 the Slasher (Human Gladiator)              Turns: 4057, Time: 00:07:32

Health: 0/46       AC:  4    Str: 15    XL:     6   Next: 16%
Magic:  4/6        EV: 14    Int:  8    God:
Gold:   101        SH:  5    Dex: 19    Spells: 3/5 levels left

rFire    . . .     SeeInvis .   a - +1 long sword
rCold    . . .     Faith    .   (no shield)
rNeg     . . .     Spirit   .   b - +0 leather armour
rPois    .         Reflect  +   c - +0 helmet
rElec    +         Harm     +   (no cloak)
rCorr    .         Rampage  .   (no gloves)
Will     .....                  (no boots)
Stlth    +.........             j - amulet "Ruuriof" {Reflect Harm rElec Dex+3 SH+5}
HPRegen  0.15/turn              n - ring of flight
MPRegen  0.10/turn              (no ring)

@: flying, studying Long Blades
A: no striking features
a: no special abilities


You were on level 4 of the Dungeon.
You visited 1 branch of the dungeon, and saw 4 of its levels.

You collected 101 gold pieces.

Inventory:

Hand Weapons
 a - a +1 long sword (weapon)
Missiles
 d - 2 throwing nets
Armour
 b - a +0 leather armour (worn)
 c - a +0 helmet (worn)
 f - a +3 chain mail
Jewellery
 j - the amulet "Ruuriof" (around neck) {Reflect Harm rElec Dex+3 SH+5}
   (You acquired it on level 2 of the Dungeon)

   [amulet of reflection]

   It reflects blocked missile attacks.
   Dex:       It affects your dexterity (+3).
   rElec:     It insulates you from electricity.
   SH:        It affects your SH (+5).
   Harm:      It increases damage dealt and taken.
 n - a ring of flight (left hand)
Scrolls
 h - 3 scrolls of teleportation
Potions
 i - a potion of invisibility
 m - a potion of mutation {unknown}


   Skills:
 + Level 2.7 Fighting
 + Level 4.6 Long Blades
 + Level 2.0 Throwing
 + Level 2.2 Armour
 * Level 4.2 Dodging
 + Level 0.1 Stealth
 + Level 0.3 Shields


You had 3 spell levels left.
You knew the following spells:

 Your Spells              Type           Power      Damage    Failure   Level
a - Animate Skeleton      Necr           0%         N/A       47%         1
b - Corona                Hex            0%         N/A       47%         1

Your spell library contained the following spells:

 Spells                   Type           Power      Damage    Failure   Level
 Apportation              Tloc           0%         N/A       47%         1
 Summon Small Mammal      Summ           0%         N/A       47%         1
 Passwall                 Tmut/Erth      0%         N/A       63%         2
 Swiftness                Air            0%         N/A       85%         3
 Invisibility             Hex            0%         N/A       100%        6


Dungeon Overview and Level Annotations

Branches:
Dungeon (4/15)
 Temple: D:4-7

Altars:


Message History

The giant cockroach is pulled toward you!
It was a potion of curing.
You feel better.
The orc wizard gestures at you while chanting.
The puff of flame misses you. The orc priest closely misses you.
You riposte.
You catch the helpless orc priest completely off-guard!
You hit the orc priest.
The orc priest is lightly wounded.
The giant cockroach is pulled toward you!
You hit the orc wizard.
The orc wizard is lightly wounded.
The giant cockroach misses you.
The orc wizard hits you but does no damage.
The orc priest mumbles some strange prayers to Beogh against you.
Pain shoots through your body!
* * * LOW HITPOINT WARNING * * *
The giant cockroach bites you but does no damage.
It was a potion of cancellation.
Your magical effects are unravelling.
You feel magically purged.
Your magical contamination has completely faded away.
You flicker back into view.
The orc priest barely misses you.
You riposte.
You slash the orc priest!
You kill the orc priest!
You block the giant cockroach's attack.
You feel less attractive to monsters.
You have reached level 6!
Your experience leads to an increase in your attributes!
Your base attributes are Str 15, Int 8, Dex 15.
Increase (S)trength, (I)ntelligence, or (D)exterity?
You feel agile.
You slash the orc wizard!
The orc wizard is almost dead.
The orc wizard hits you with a +0 dagger.
* * * LOW HITPOINT WARNING * * *
An orc wizard comes into view. It is wielding a +0 dagger.
The giant cockroach closely misses you.
You riposte.
You hit the giant cockroach.
You kill the giant cockroach!
The orc wizard gestures at you while chanting.
The magic dart hits you!
You die...

.## ##. ...
##..# ..# .
.... #)# ≈≈ #..
#.# #≈≈≈ #.##
##.##..≈≈≈
#.####......≈≈≈
#..........≈≈(≈
#..##o@†#..#≈≈≈
#<###).#.....≈
#..#
#.##..#..#≈
#.## ..# .##
... .. ..o# ##
.. ... ..... .
#..##....# ...
##... ....


You could see 2 orc wizards.

Vanquished Creatures
  A centaur (D:3)
  An orc priest (D:4)
  An iguana (D:3)
  3 adders
  3 orcs
  9 bats
  4 endoplasms (D:2)
  4 giant cockroaches
  5 goblins
  3 hobgoblins
  2 quokkas
  7 ball pythons
  3 frilled lizards
  4 kobolds
  5 rats
55 creatures vanquished.

Vanquished Creatures (others)
  3 plants (D:3)
3 creatures vanquished.

Grand Total: 58 creatures vanquished

Notes
Turn   | Place    | Note
-------+----------+-------------------------------------------
     0 | D:1      | horus123 the Human Gladiator began the quest for the Orb.
     0 | D:1      | Reached XP level 1. HP: 16/16 MP: 1/1
   443 | D:1      | Reached XP level 2. HP: 20/22 MP: 2/2
  1343 | D:1      | Reached XP level 3. HP: 27/27 MP: 3/3
  1634 | D:2      | Found a faded altar of an unknown god.
  2325 | D:2      | Reached skill level 1 in Armour
  2329 | D:2      | Reached XP level 4. HP: 32/33 MP: 4/4
  2542 | D:2      | Identified a scroll of acquirement
  2542 | D:2      | Acquired the amulet "Ruuriof" {Reflect Harm rElec Dex+3
                  | SH+5}
  3102 | D:3      | Reached XP level 5. HP: 23/39 MP: 5/5
  3566 | D:3      | Noticed a centaur
  3572 | D:3      | Killed a centaur
  3886 | D:3      | Learned a level 1 spell: Animate Skeleton
  3888 | D:3      | Learned a level 1 spell: Corona
  4057 | D:4      | Reached XP level 6. HP: 13/46 MP: 4/6
  4057 | D:4      | Killed from afar by an orc wizard

Illustrated notes

Levels and vault maps discovered:
D:1:      wheals_arrival_linesprint, layout_basic
D:2:      layout_rooms, chequers_ecumenical_altar_simple,
          minmay_misc_feat_enclosed
D:3:      layout_basic, chequers_big_river
D:4:      layout_layer_cave, mainiacjoe_overflow_chevrons,
          grunt_dithmenos_smoke_and_mirrors, temple_statues,
          cheibrodos_sewer_entry_drain, minmay_manual_mandibuliform,
          uniq_crazy_yiuf_cottage, uniq_edmund

Skill      XL: |  1  2  3  4  5 |
---------------+----------------+-----
Armour         | 1 2 |  2.2
Dodging        | 4 |  4.2
Long Blades    | 4 |  4.6
Fighting       | |  2.7
Throwing       | |  2.0
Stealth        | |  0.1
Shields        | |  0.3

Action                   |  1- 3 |  4- 6 || total
-------------------------+-------+-------++-------
Melee: Long sword        |    66 |    49 ||   115
Throw: Throwing net      |       |     1 ||     1
 Cast: Corona            |       |     1 ||     1
  Use: Scroll            |     1 |     6 ||     7
       Potion            |       |     6 ||     6
 Stab: Invisible         |       |     1 ||     1
       Sleeping          |       |     1 ||     1
Armor: Leather armour    |    36 |    12 ||    48
       Chain mail        |    88 |    10 ||    98
Dodge: Dodged            |   122 |    40 ||   162
Block: Other             |       |    16 ||    16
       Rpst.: Long sword |    45 |    15 ||    60
